 Dungeon Crawl Stone Soup version 0.27.1-1-g398f81649c (webtiles) character file.

Game seed: 4247879660812404223

2751 pokedragonboy the Zephyrmancer (level 9, -5/45 HPs)
             Began as a Tengu Air Elementalist on Sept 15, 2021.
             Was an Initiate of Vehumet.
             Slain by a wolf (6 damage)
             ... led by Grum
             ... on level 8 of the Dungeon.
             The game lasted 00:27:44 (10012 turns).

pokedragonboy the Zephyrmancer (TeAE)              Turns: 10012, Time: 00:27:45

Health: -5/45      AC:  3    Str: 14    XL:     9   Next: 68%
Magic:  2/19       EV: 14    Int: 26    God:    Vehumet [......]
Gold:   364        SH:  0    Dex: 14    Spells: 10/20 levels left

rFire    + . .     SeeInvis .   m - +4 dagger
rCold    . . .     Faith    .   (no shield)
rNeg     . . .     Spirit   .   c - +1 robe {rF+}
rPois    .         Reflect  .   y - +0 hat
rElec    .         Harm     .   (no cloak)
rCorr    .         Rampage  .   (no gloves)
Will     .....                  (boots unavailable)
Stlth    ++........             (no amulet)
HPRegen  0.15/turn              j - +6 ring of strength
MPRegen  0.16/turn              w - +6 ring of intelligence

@: flying quickly and evasively, hasted, very quick
A: beak, talons 3, nimble flight
a: Renounce Religion


You were on level 8 of the Dungeon.
You worshipped Vehumet.
Vehumet was noncommittal.
You visited 2 branches of the dungeon, and saw 9 of its levels.

You collected 386 gold pieces.
You spent 22 gold pieces at shops.

Inventory:

Hand Weapons
 a - a +1 vampiric dagger
 m - a +4 dagger (weapon)
 q - a +3 hunting sling of freezing
 r - a +4 vorpal trident
 B - a +1 short sword of freezing
Armour
 c - a +1 robe of fire resistance (worn)
 y - a +0 hat (worn)
Magical Staves
 e - a staff of poison
 g - a staff of fire
Jewellery
 h - a ring of wizardry
 j - a +6 ring of strength (left hand)
 l - a ring of wizardry
 w - a +6 ring of intelligence (right hand)
 x - a ring of poison resistance
 D - a +6 ring of strength
Scrolls
 b - 4 scrolls of fear
 d - 2 scrolls of fog {unknown}
 k - 2 scrolls of amnesia
 o - 4 scrolls of teleportation
 p - a scroll of vulnerability {unknown}
 u - a scroll of enchant armour {unknown}
 v - a scroll of brand weapon {unknown}
Potions
 f - a potion of berserk rage
 i - 3 potions of lignification
 n - a potion of ambrosia {unknown}
 s - 2 potions of haste
 t - 2 potions of heal wounds {unknown}
 z - a potion of invisibility {unknown}
 A - 2 potions of cancellation {unknown}
 E - a potion of might {unknown}
 F - a potion of magic {unknown}


   Skills:
 - Level 2.1 Dodging
 - Level 2.0 Stealth
 + Level 6.2 Spellcasting
 + Level 8.5 Conjurations
 * Level 12.3 Air Magic


You had 10 spell levels left.
You knew the following spells:

 Your Spells              Type           Power      Damage    Failure   Level
a - Shock                 Conj/Air       100%       1d9       1%          1
b - Static Discharge      Conj/Air       58%        N/A       1%          2
c - Airstrike             Air            32%        N/A       1%          4
d - Swiftness             Air            64%        N/A       1%          3

Your spell library contained the following spells:

 Spells                   Type           Power      Damage    Failure   Level
 Magic Dart               Conj           100%       1d8       1%          1
 Sandblast                Erth           16%        2d6       7%          1
 Summon Small Mammal      Summ           32%        N/A       7%          1
 Passwall                 Tmut/Erth      6%         N/A       11%         2
 Fulminant Prism          Conj/Hex       15%        3d11      12%         4
 Iskenderun's Mystic Bla  Conj/Tloc      30%        2d8       12%         4
 Call Canine Familiar     Summ           8%         N/A       21%         3
 Summon Guardian Golem    Hex/Summ       8%         N/A       21%         3
 Lee's Rapid Deconstruct  Erth           4%         3d6*      88%         5


Dungeon Overview and Level Annotations

Branches:
Dungeon (8/15)             Temple (1/1) D:4
   Lair: D:8-11

Altars:
Ashenzari
Cheibriados
Dithmenos
Elyvilon
Gozag
Hepliaklqana
Kikubaaqudgha
Nemelex Xobeh
Qazlal
Ru
Sif Muna
Trog
Uskayaw
Vehumet
Wu Jian
Xom
Yredelemnul
Zin
The Shining One
Lugonu

Shops:
D:5 =[[?   D:6 :[?[

Annotations:
D:8 exclusion: hornet, Joseph


Innate Abilities, Weirdness & Mutations

You have a beak for a mouth.
You have claws for feet.
Your magical nature lets you fly swiftly and evasively.


Message History

Aiming: Airstrike (dangerous; 1% risk of failure)
Press: ? - help, Dir - move target, f - Grum
Aim: Grum, wielding a +1 glaive and wearing a +0 animal skin (moderately wounded)
The air twists around and strikes Grum!
Grum is severely wounded.
Casting: Airstrike (dangerous; 1% risk of failure)
Confirm with . or Enter, or press ? or * to list all spells.
Aiming: Airstrike (dangerous; 1% risk of failure)
Press: ? - help, Dir - move target, f/p - Grum
Aim: Grum, wielding a +1 glaive and wearing a +0 animal skin (severely wounded)
The air twists around and strikes Grum!
Grum is almost dead.
Casting: Airstrike (dangerous; 1% risk of failure)
Confirm with . or Enter, or press ? or * to list all spells.
Aiming: Shock (safe; 1% risk of failure)
Press: ? - help, Shift-Dir - straight line, f/p - Grum
Aim: Grum, wielding a +1 glaive and wearing a +0 animal skin (almost dead, 77% to hit)
The zap hits the wolf!
The wolf is moderately wounded.
The zap hits Grum!
You kill Grum!
Vehumet accepts your kill.
Casting: Shock (safe; 1% risk of failure)
Confirm with . or Enter, or press ? or * to list all spells.
The wolf is struck by an arc of lightning.
The wolf is heavily wounded.
You are struck by an arc of lightning.
The lightning grounds out.
The wolf bites you but does no damage. The wolf bites you!
The wolf howls!
The wolf closely misses you. The wolf bites you!
* * * LOW HITPOINT WARNING * * *
You feel better. The wolf misses you. The wolf closely misses you.
The wolf closely misses you. The wolf bites you.
* * * LOW HITPOINT WARNING * * *
The wolf bites you!
* * * LOW HITPOINT WARNING * * *
It was a potion of haste.
You feel yourself speed up. The wolf bites you.
You die...

#..........#.#.#
#.....
##########.#.#.#
#...##
#.#.#.########...#
#.#.#............@
#.#.####..........
#...# #.#######.##
#...# #.# #.#
#..## #.# #.. #)@#
##.# #hh# #..#
#..# ##.##
#..###...##
#..##.._..# ######
####..##.8.8.#
#...h#
#..(..####'###
#.##.# #.###.#
#...#
#.##.####.###.#
#...#


You could see 2 wolves.

Vanquished Creatures
  Grum (D:8)
  A steam dragon (D:6)
  Duvessa (D:7)
  3 water moccasins
  An orc warrior (D:8)
  A sky beast (D:8)
  A hornet zombie (D:5)
  2 necrophages
  A wolf (D:8)
  2 centaurs (D:7)
  3 bullfrogs
  A scorpion (D:4)
  Dowan (D:7)
  A water moccasin skeleton (D:4)
  6 killer bees
  A howler monkey (D:8)
  5 hounds
  A jelly (D:5)
  2 orc priests
  A gnoll shaman (D:5)
  A bullfrog skeleton (D:4)
  6 orc wizards
  2 iguanas
  2 killer bee zombies
  A howler monkey skeleton (D:7)
  3 gnolls (D:5)
  4 adders
  2 ufetubi
  2 adder skeletons (D:4)
  3 worms
  6 dart slugs
  19 orcs
  4 ball pythons
  2 bats (D:3)
  2 endoplasms
  2 giant cockroaches
  8 goblins
  10 hobgoblins
  3 jackals (D:2)
  5 kobolds
  2 quokkas
  5 frilled lizards
  8 rats
138 creatures vanquished.

Vanquished Creatures (others)
  2 bushes (D:7)
2 creatures vanquished.

Grand Total: 140 creatures vanquished

Notes
Turn   | Place    | Note
-------+----------+-------------------------------------------
     0 | D:1      | pokedragonboy the Tengu Air Elementalist began the quest
                  | for the Orb.
     0 | D:1      | Reached XP level 1. HP: 10/10 MP: 4/4
   364 | D:1      | Reached XP level 2. HP: 13/15 MP: 1/6
   506 | D:1      | Learned a level 2 spell: Static Discharge
  1265 | D:2      | Reached XP level 3. HP: 19/19 MP: 5/7
  1499 | D:2      | Reached skill level 5 in Air Magic
  1583 | D:2      | Found a faded altar of an unknown god.
  1971 | D:2      | Reached XP level 4. HP: 23/24 MP: 0/8
  2061 | D:2      | Learned a level 4 spell: Airstrike
  2628 | D:3      | Found a glowing golden altar of the Shining One.
  2834 | D:3      | Found a glowing silver altar of Zin.
  3304 | D:3      | Gained mutation: Your magical nature lets you fly swiftly
                  | and evasively. [Tengu growth]
  3304 | D:3      | Reached XP level 5. HP: 21/28 MP: 2/10
  3586 | D:4      | Reached skill level 6 in Air Magic
  3622 | D:4      | You are sucked into a shaft and drop 2 floors!
  3623 | D:6      | Noticed a steam dragon
  3722 | D:5      | Entered Level 5 of the Dungeon
  4184 | D:4      | Found a broken altar of Ashenzari.
  4254 | D:4      | Reached XP level 6. HP: 31/32 MP: 4/11
  4258 | D:4      | Learned a level 3 spell: Swiftness
  4277 | D:4      | Reached skill level 7 in Air Magic
  4443 | D:4      | Noticed a necrophage
  4474 | D:4      | Killed a necrophage
  4580 | D:4      | Reached XP level 7. HP: 36/36 MP: 7/13
  4974 | D:4      | Reached skill level 8 in Air Magic
  5067 | D:4      | Reached skill level 5 in Conjurations
  5103 | D:4      | Found a staircase to the Ecumenical Temple.
  5122 | Temple   | Entered the Ecumenical Temple
  5182 | D:4      | Found an ornate altar of the Wu Jian Council.
  5626 | D:5      | Found Atsaf's Jewellery Boutique.
  5717 | D:5      | Found Gourgh's Armour Shoppe.
  5780 | D:5      | Found Tim Xael's Magic Scroll Boutique.
  5866 | D:5      | Reached skill level 9 in Air Magic
  5966 | D:5      | Bought a scroll of identify for 22 gold pieces
  6019 | D:5      | Reached XP level 8. HP: 41/41 MP: 2/15
  6161 | D:5      | Noticed a +0 hand axe
  6162 | D:5      | Found a hide-covered altar of Uskayaw.
  6162 | D:5      | Noticed a +0 hand axe
  6467 | D:5      | Found Kefuqene's Armour Boutique.
  6632 | D:5      | Found a bloodstained altar of Trog.
  6697 | D:6      | Found a sacrificial altar of Ru.
  6714 | D:6      | Found a basalt altar of Yredelemnul.
  6801 | D:6      | Found Tutunk's Book Shop.
  6805 | D:6      | Found Ifat's Armour Shop.
  6807 | D:6      | Found Rakaso's Magic Scroll Shop.
  6808 | D:6      | Found Qogorufe's Armour Shop.
  7628 | D:6      | Reached skill level 10 in Air Magic
  7782 | D:7      | Found a radiant altar of Vehumet.
  7789 | D:7      | Reached skill level 5 in Spellcasting
  7852 | D:7      | Found a snail-covered altar of Cheibriados.
  8553 | D:7      | Found a hazy altar of Hepliaklqana.
  8680 | D:7      | Reached skill level 11 in Air Magic
  8680 | D:7      | Reached XP level 9. HP: 45/45 MP: 4/18
  9215 | D:8      | Noticed Joseph
  9215 | D:8      | Noticed a hornet
  9570 | D:7      | Noticed Duvessa
  9570 | D:7      | Noticed Dowan
  9574 | D:7      | Killed Duvessa
  9575 | D:7      | Killed Dowan
  9576 | D:7      | Reached skill level 12 in Air Magic
  9586 | D:7      | Became a worshipper of Vehumet
  9814 | D:8      | Found a shimmering blue altar of Sif Muna.
  9835 | D:8      | Got Sif Muna's Incunabulum of Confrontation
  9967 | D:8      | Noticed Grum
 10003 | D:8      | Killed Grum
 10011 | D:8      | HP: 1/45 [wolf[Grum] (11)]
 10012 | D:8      | Slain by a wolf

Illustrated notes

Levels and vault maps discovered:
D:1:      tarquinn_simple_flora_water_c, layout_loops_ring,
          roderic_roman_lattice, minmay_tromino_v4_c
D:2:      layout_basic, ebering_ecumenical_altar_webs
D:3:      layout_basic, tso_oasis_becter, mainiacjoe_overflow_alcove_1
D:4:      minmay_angry_zag, layout_cave_pods, ashenzari_conservatory_becter,
          kennysheep_mini, minmay_temple_entry_sparse_star
D:5:      layout_loops_ring, dancing_weapons_uskayaw,
          mainiacjoe_overflow_alcove_4, serial_shops, shop_fountains,
          kennysheep_mini_moat, shop, shop
D:6:      layout_loops_ring, yredelemnul_altar_generic,
          mainiacjoe_overflow_catwalk, minmay_shop_grid_forest
D:7:      layout_loops_corners, fedhas_bush_and_centaur_altar, slow_altar_1,
          nicolae_overflow_hidden_temple, corexii_leaking_fountain,
          uniq_crazy_yiuf_cottage, uniq_duvessa
D:8:      layout_loops_ring, led_sif_book, uniq_joseph, uniq_grum
Temple:   corrupted_temple

Skill      XL: |  1  2  3  4  5  6  7  8  9 |
---------------+----------------------------+-----
Conjurations   | 2 3 4 5 7 8 |  8.5
Air Magic      | 5 6 7 9 11 12 | 12.3
Spellcasting   | 3 4 5 6 |  6.2
Dodging        | |  2.1
Stealth        | |  2.0

Action                   |  1- 3 |  4- 6 |  7- 9 || total
-------------------------+-------+-------+-------++-------
Melee: Unarmed           |     2 |       |       ||     2
       Dagger            |       |     4 |     1 ||     5
       Kick              |       |       |     1 ||     1
 Cast: Shock             |    63 |    96 |   115 ||   274
       Static Discharge  |     4 |     4 |    14 ||    22
       Airstrike         |       |     1 |    53 ||    54
       Swiftness         |       |     1 |       ||     1
  Use: Scroll            |       |     5 |     1 ||     6
       Potion            |       |       |     4 ||     4
Armor: Robe              |     1 |     6 |     8 ||    15
Dodge: Dodged            |     6 |    17 |    39 ||    62
